 Dungeon Crawl Stone Soup version 0.16-a0-2622-gbfab2ba (console) character file.

320 nht the Basher (level 6, -15/62 HPs)
             Began as an Ogre Berserker on Nov 22, 2014.
             Was an Elder of Trog.
             Demolished by an orc wizard
             ... wielding a +2 dagger of electrocution
              (16 damage)
             ... on level 4 of the Dungeon.
             The game lasted 00:04:19 (2774 turns).

nht the Basher (Ogre Berserker)                     Turns: 2774, Time: 00:04:19

Health: -15/62     AC:  4    Str: 25    XL:     6   Next: 46%
Magic:  6/6        EV: 10    Int:  6    God:    Trog [****..]
Gold:   168        SH:  0    Dex:  9    Spells: 0 memorised, 5 levels left

rFire  . . .     SeeInvis .     a - +1 mace
rCold  + . .     Clarity  .     b - +0 animal skin
rNeg   . . .     SustAb   .     (shield restricted)
rPois  .         Gourm    .     (helmet restricted)
rElec  .         Spirit   .     r - +0 cloak
rCorr  .         Warding  .     (gloves unavailable)
rMut   .         Rnd*Tele +     (boots unavailable)
MR     .....                    (no amulet)
Stlth  +.........               m - ring of protection from cold
                                w - ring of teleportation (curse)

@: exhausted, slowed, very slow, not resistant to hostile enchantments, very
unstealthy
A: unfitting armour, tough skin 1
a: Burn Spellbooks, Berserk, Trog's Hand, Brothers in Arms, Renounce Religion,
Evoke Teleportation


You were on level 4 of the Dungeon.
You worshipped Trog.
Trog was greatly pleased with you.
You were very hungry.

You visited 1 branch of the dungeon, and saw 4 of its levels.

You collected 168 gold pieces.

Inventory:

Hand weapons
 a - a +1 mace (weapon)
Missiles
 e - 6 javelins of penetration (quivered)
Armour
 b - a +0 animal skin (worn)
 r - a +0 cloak (worn)
Jewellery
 d - an uncursed ring of sustain abilities
 m - a ring of protection from cold (right hand)
 w - a cursed ring of teleportation (left hand)
Magical devices
 o - a wand of slowing (11)
 u - a wand of slowing (11)
Potions
 f - a potion of curing
 h - 2 potions of might {unknown}
 l - 2 potions of poison {unknown}
 s - a potion of restore abilities {unknown}
 v - a potion of haste {unknown}
 z - a potion of flight {unknown}
Comestibles
 c - 2 meat rations
 g - 2 chunks of flesh
 k - a bread ration
 n - 2 slices of pizza
 q - 4 fruits
 t - a royal jelly


   Skills:
 - Level 4.0 Fighting
 + Level 9.0 Maces & Flails
 + Level 1.4 Throwing
 - Level 1.5 Armour
 - Level 1.7 Dodging


You had 5 spell levels left.
You didn't know any spells.

Dungeon Overview and Level Annotations

Branches:
Dungeon (4/15)
 Temple: D:4-7

Altars:
Dithmenos
Gozag
Ru
Trog

Portals:
Sewer: D:4


Innate Abilities, Weirdness & Mutations

You are too large for most types of armour.
You have tough skin (AC +1).


Message History

You feel yourself slow down.
You are feeling very hungry.
Something hits you.
* * * LOW HITPOINT WARNING * * *
The orc hits you with a whip.
* * * LOW HITPOINT WARNING * * *
The orc hits you with a club.
* * * LOW HITPOINT WARNING * * *
The giant mite barely misses you.
Found 14 arrows.
There is a stone staircase leading down here.
Things that are here:
a dagger; a robe Something hits you but does no damage.
The orc hits you but does no damage. The giant mite bites you.
* * * LOW HITPOINT WARNING * * *
The orc completely misses you. Something hits you.
* * * LOW HITPOINT WARNING * * *
You are electrocuted!
You die...

█................b█.......
█.......█......██b█.....
█.......█....█.██.█.█.█
█............█.█......█ .
█..█.........█.█.██...██████..
.......███.█.█.█.██............
.█.██....█.....█+██..█.........
... █..........................
██████████.................
≈≈≈≈≈≈≈o.{.........██....
≈≈∩≈≈≈≈s@o.........█ ██
≈≈≈≈≈≈≈.)..........█
███████............
.............. ..............█
............... ........ ...
(....... ...


You could see a giant mite and 2 orcs.

Vanquished Creatures
  A sky beast (D:3)
  An orc wizard (D:4)
  A worker ant (D:4)
  Ijyb (D:2)
  5 adders
  2 giant mites (D:4)
  A worm (D:3)
  An adder skeleton (D:4)
  4 giant geckos
  3 giant cockroaches
  19 goblins
  7 hobgoblins
  11 jackals
  12 kobolds
  A quokka (D:2)
  A ball python (D:3)
  9 bats
  3 giant newts
  11 rats
94 creatures vanquished.

Notes
Turn   | Place    | Note
--------------------------------------------------------------
     0 | D:1      | nht, the Ogre Berserker, began the quest for the Orb.
     0 | D:1      | Reached XP level 1. HP: 24/24 MP: 1/1
   197 | D:1      | Reached XP level 2. HP: 26/32 MP: 2/2
   280 | D:1      | Reached skill level 5 in Maces & Flails
   504 | D:1      | Acquired Trog's second power
   550 | D:1      | Reached XP level 3. HP: 39/39 MP: 3/3
   852 | D:2      | Noticed Ijyb
   865 | D:2      | Killed Ijyb
   865 | D:2      | Reached skill level 6 in Maces & Flails
   871 | D:2      | Reached XP level 4. HP: 26/48 MP: 4/4
  1401 | D:2      | Reached skill level 7 in Maces & Flails
  1999 | D:3      | Reached XP level 5. HP: 54/54 MP: 5/5
  2054 | D:3      | Acquired Trog's third power
  2097 | D:3      | Found a bloodstained altar of Trog.
  2101 | D:3      | Found an opulent altar of Gozag.
  2101 | D:3      | Found a shadowy altar of Dithmenos.
  2247 | D:3      | Found a sacrificial altar of Ru.
  2267 | D:3      | Noticed a sky beast
  2284 | D:3      | Killed a sky beast
  2284 | D:3      | Reached skill level 8 in Maces & Flails
  2284 | D:3      | Reached XP level 6. HP: 62/62 MP: 6/6
  2726 | D:4      | Reached skill level 1 in Throwing
  2756 | D:4      | Found a glowing drain.
  2772 | D:4      | Reached skill level 9 in Maces & Flails
  2774 | D:4      | HP: 3/62 [giant mite (3)]
  2774 | D:4      | HP: 1/62 [something (2)]
  2774 | D:4      | Demolished by an orc wizard

Action                   |  1- 3 |  4- 6 || total
-------------------------+-------+-------++-------
Melee: Mace              |   113 |   188 ||   301
Invok: Berserk           |     4 |     5 ||     9
  Use: Scroll            |       |     7 ||     7
  Eat: Chunk             |     3 |    11 ||    14
